 Dungeon Crawl Stone Soup version 0.28.0 (webtiles) character file.

Game seed: 2938639925062995562

92 Ajdolov the Digger (level 4, -2/27 HPs)
             Began as an Octopode Earth Elementalist on Feb 12, 2022.
             Slain by a gnoll (7 damage)
             ... on level 3 of the Dungeon.
             The game lasted 00:03:09 (2596 turns).

Ajdolov the Digger (Octopode Earth Elementalist)    Turns: 2596, Time: 00:03:09

Health: -2/27      AC:  1    Str:  7    XL:     4   Next: 60%
Magic:  4/7        EV: 13    Int: 25    God:
Gold:   61         SH:  0    Dex: 12    Spells: 3/7 levels left

rFire   . . .      SeeInvis .   c - +0 spear
rCold   . . .      Faith    .   (no shield)
rNeg    . . .      Spirit   .   (helmet restricted)
rPois   .          Reflect  .   (no amulet)
rElec   .          Harm     .   d - +6 ring of intelligence
rCorr   .          Rampage  .   (no ring)
Will    .....                   (no ring)
Stlth   +++.......              (no ring)
HPRegen 0.09/turn               (no ring)
MPRegen 0.10/turn               (no ring)
                                (no ring)
                                (no ring)

@: mighty
A: almost no armour, amphibious, 8 rings, camouflage 1, gelatinous body 1,
(nimble swimmer 1), tentacles
a: no special abilities


You were on level 3 of the Dungeon.
You visited 1 branch of the dungeon, and saw 3 of its levels.

You collected 61 gold pieces.

Inventory:

Hand Weapons
 c - a +0 spear (weapon)
Missiles
 b - 118 stones
Jewellery
 d - a +6 ring of intelligence (left tentacle)
Scrolls
 e - a scroll of silence {unknown}
 f - 2 scrolls of identify {unknown}
 g - a scroll of fear {unknown}


   Skills:
 - Level 2.0 Dodging
 - Level 2.6 Stealth
 - Level 2.0 Spellcasting
 * Level 1.8 Conjurations
 - Level 1.0 Transmutations
 * Level 4.7 Earth Magic


You had 3 spell levels left.
You knew the following spells:

 Your Spells              Type           Power      Damage    Failure   Level
a - Sandblast             Erth           52%        2d12      1%          1
b - Stone Arrow           Conj/Erth      38%        3d9       9%          3

Your spell library contained the following spells:

 Spells                   Type           Power      Damage    Failure   Level
 Passwall                 Tmut/Erth      13%        N/A       5%          2
 Freeze                   Ice            8%         1d3       11%         1
 Frozen Ramparts          Ice            4%         1d2       32%         3
 Petrify                  Tmut/Erth      16%        N/A       34%         4
 Hailstorm                Conj/Ice       7%         3d4       58%         4


Dungeon Overview and Level Annotations

Branches:
Dungeon (3/15)

Altars:


Innate Abilities, Weirdness & Mutations

You cannot wear most types of armour.
You are amphibious.
You can wear up to eight rings at the same time.
Your skin changes colour to match your surroundings (Stealth+).
Your rubbery body absorbs attacks. (AC +1, EV +1)
((You are camouflaged when in or above water. (Stealth+)))
You have tentacles for arms and can constrict up to eight enemies at once.


Message History

The blast of sand hits the gnoll.
The gnoll is moderately wounded.
The gnoll barely misses you.
The orc wizard gestures at you while chanting.
You are confused.
You bump into the rock wall.
The gnoll barely misses you.
You're too confused to cast spells.
You're too confused to cast spells.
Unknown command.
You bump into the rock wall.
The gnoll closely misses you.
You're too confused to cast spells.
Unknown command.
You bump into the rock wall.
The gnoll hits you with a +0 flail.
You're too confused to move!
The gnoll barely misses you.
You bump into the rock wall.
The orc wizard hits you with a +0 dagger.
The gnoll hits you with a +0 flail!
You bump into the rock wall.
You feel less confused.
The orc wizard points at you and mumbles some strange words.
The magic dart hits you.
* * * LOW HITPOINT WARNING * * *
The gnoll barely misses you.
Unknown command.
It was a potion of heal wounds.
You feel much better.
The orc wizard gestures wildly while chanting.
The orc wizard flickers and vanishes!
Deactivating autopickup; reactivate with Ctrl-A.
The gnoll hits you with a +0 flail.
Aiming: Sandblast (safe; 1% risk of failure)
Press: ? - help, Q - select action, (/) - cycle Shift-Dir - straight line, p - gnoll The blast of sand hits something.
You hear some strange, mumbled words.
A puff of flame appears from out of thin air!
The puff of flame hits you! The gnoll hits you with a +0 flail.
* * * LOW HITPOINT WARNING * * *
It was a potion of might.
You feel very mighty all of a sudden. Something hits you but does no damage.
The gnoll hits you with a +0 flail!
You die...

####..# #....
#.................
#.....#####.......
#.)...# #..##...
#g###)# ##o.##...
#g# #.####..#.....
#@# #.............
#{# ###..##.......
##[###....##o.....[
#......#.###..###.#
#.....##.###o####.#
#..<..#....o.o....#
#......#...........#
#......#.....o......
#......#....o.......


You could see a gnoll and a hobgoblin.

Vanquished Creatures
  3 gnolls
  An adder (D:2)
  A dart slug (D:1)
  5 orcs
  6 ball pythons
  6 bats
  5 endoplasms (D:2)
  A giant cockroach (D:3)
  A goblin (D:3)
  2 hobgoblins (D:1)
  4 jackals (D:1)
  5 kobolds
  A quokka (D:1)
  2 frilled lizards (D:1)
  A rat (D:2)
44 creatures vanquished.

Notes
Turn   | Place    | Note
-------+----------+-------------------------------------------
     0 | D:1      | Ajdolov the Octopode Earth Elementalist began the quest for
                  | the Orb.
     0 | D:1      | Reached XP level 1. HP: 11/11 MP: 3/3
   375 | D:1      | Reached XP level 2. HP: 15/17 MP: 0/5
  1059 | D:1      | Reached skill level 4 in Earth Magic
  1335 | D:2      | Reached XP level 3. HP: 21/21 MP: 4/6
  1339 | D:2      | Learned a level 3 spell: Stone Arrow
  2036 | D:3      | Reached skill level 1 in Conjurations
  2057 | D:3      | Noticed a necrophage
  2106 | D:2      | Reached XP level 4. HP: 21/27 MP: 7/7
  2596 | D:3      | Slain by a gnoll

Illustrated notes

Levels and vault maps discovered:
D:1:      ncdulo_halloftheorcs, layout_loops_ring, minmay_tromino_i4
D:2:      layout_basic
D:3:      layout_rooms, kennysheep_another_room

Skill      XL: |  1  2  3 |
---------------+----------+-----
Earth Magic    | 4 |  4.7
Conjurations   | 1 |  1.8
Dodging        | |  2.0
Stealth        | |  2.6
Spellcasting   | |  2.0
Transmutations | |  1.0

Action                   |  1- 3 |  4- 6 || total
-------------------------+-------+-------++-------
Melee: Spear             |    91 |    10 ||   101
       Constrict         |    17 |     3 ||    20
       Tentacles         |    12 |     3 ||    15
       Punch             |     1 |       ||     1
 Cast: Sandblast         |     8 |    12 ||    20
  Use: Potion            |       |     2 ||     2
 Stab: Sleeping          |    14 |     1 ||    15
Armor: Skin              |     7 |     1 ||     8
Dodge: Dodged            |    41 |    11 ||    52
